 Dungeon Crawl Stone Soup version 0.15-a0-1723-gae8f746 (webtiles) character file.

4236 AvylaarBelgium the Thaumaturge (level 10, -3/50 HPs)
             Began as a Deep Elf Wizard on June 26, 2014.
             Was a Believer of Vehumet.
             Slain by a red ugly thing (12 damage)
             ... on Level 11 of the Dungeon.
             The game lasted 01:12:03 (9891 turns).

AvylaarBelgium the Thaumaturge (Deep Elf Wizard)    Turns: 9891, Time: 01:12:03

HP  -3/50        AC 13     Str  5      XL: 10   Next:  9%
MP  18/33        EV 10     Int 26      God: Vehumet [**....]
Gold 303         SH  0     Dex 16      Spells:  7 memorised, 22 levels left

rFire  . . .     SeeInvis .     f - plain deck of escape {drawn: 2}
rCold  . . .     Clarity  .     v - +0 leather armour
rNeg   . . .     rCorr    .     (no shield)
rPois  .         rRot     .     F - +2 helmet of Dishonour {Dex+3}
rElec  .         Spirit   .     T - +1 cloak
SustAb +         Warding  .     (no gloves)
rMut   .         Stasis   .     u - +2 pair of boots
Gourm  .                        a - amulet of faith
MR     +....                    J - ring of sustain abilities
                                Q - +2 ring of protection

@: repel missiles, somewhat resistant to hostile enchantments, unstealthy
A: no striking features
a: Renounce Religion


You were on level 11 of the Dungeon.
You worshipped Vehumet.
Vehumet was pleased with you.
You were hungry.

You visited 2 branches of the dungeon, and saw 14 of its levels.

You collected 303 gold pieces.

Inventory:

Hand weapons
 G - a +2 war axe of draining
 I - a +3 flail of crushing
 R - a +1 falchion of freezing
Missiles
 j - 5 javelins (quivered)
 L - 5 tomahawks
Armour
 u - a +2 pair of boots (worn)
 v - a +0 leather armour (worn)
 F - the +2 helmet of Dishonour (worn) {Dex+3}
   (You found it on level 6 of the Dungeon)

   It affects your dexterity (+3).
 T - a +1 cloak (worn)
Magical devices
 C - a wand of magic darts (0)
 M - a wand of random effects (13)
 S - a wand of random effects (6)
 V - a wand of enslavement (6)
Comestibles
 d - 6 bread rations
 i - 2 rotting chunks of worker ant flesh
 s - 5 beef jerkies
 B - 5 meat rations
 P - 3 slices of pizza
Scrolls
 h - 7 scrolls of amnesia
 A - 6 scrolls of remove curse
Jewellery
 a - an amulet of faith (around neck)
 k - an uncursed ring of ice
 l - an uncursed amulet of resist corrosion
 m - an uncursed amulet of resist mutation
 w - an uncursed amulet of warding
 J - a ring of sustain abilities (right hand)
 Q - a +2 ring of protection (left hand)
 X - an uncursed ring of ice
Potions
 b - a potion of invisibility {unknown}
 g - a potion of curing
 o - 2 potions of resistance
 r - 2 potions of porridge
 x - a potion of flight
 E - a potion of restore abilities
Books
 c - a book of Minor Magic

   Spells                             Type                      Level
   *Magic Dart                        Conjuration                  1
   *Blink                             Translocation                2
   *Call Imp                          Summoning                    2
   *Repel Missiles                    Charms/Air                   2
   Slow                               Hexes                        2
   Conjure Flame                      Conjuration/Fire             3
   *Mephitic Cloud                    Conjuration/Poison/Air       3
Miscellaneous
 f - a plain deck of escape {drawn: 2} (in hand)


   Skills:
 - Level 2.4 Dodging
 - Level 2.4 Stealth
 + Level 12.9 Spellcasting
 + Level 10.5 Conjurations
 - Level 5.0 Summonings
 - Level 1.1 Translocations
 * Level 2.7 Ice Magic


You had 22 spell levels left.
You knew the following spells:

 Your Spells              Type           Power        Failure   Level  Hunger
a - Magic Dart            Conj           ####         1%          1    None
b - Repel Missiles        Chrm/Air       ###...       6%          2    None
c - Blink                 Tloc           N/A          3%          2    None
d - Call Imp              Summ           #####...     1%          2    None
e - Mephitic Cloud        Conj/Pois/Air  #####...     2%          3    None
f - Sting                 Conj/Pois      ####         1%          1    None
g - Freeze                Ice            ####         1%          1    None


Dungeon Overview and Level Annotations

Branches:
Dungeon (13/15)            Temple (1/1) D:6
    Orc: D:9-12        Lair: D:8-11      Vaults: D:13-14

Altars:
Ashenzari
Cheibriados
Dithmenos
Elyvilon
Fedhas
Gozag
Kikubaaqudgha
Makhleb
Nemelex Xobeh
Okawaru
Qazlal
Sif Muna
Trog
Vehumet
Xom
Yredelemnul
Zin
The Shining One

Shops:
D:4 %   D:8 (

Annotations:
D:4 Eustachio; onwiheg's ghost, average CeBe


Message History

Casting: Blink
Confirm with . or Enter, or press ? or * to list all spells.
You blink.
Casting: Blink
Confirm with . or Enter, or press ? or * to list all spells.
You blink.
Casting: Blink
Confirm with . or Enter, or press ? or * to list all spells.
You blink.
Casting: Blink
Confirm with . or Enter, or press ? or * to list all spells.
You blink.
Casting: Blink
Confirm with . or Enter, or press ? or * to list all spells.
You blink.
There is a stone staircase leading up here.
You climb upwards.
The red ugly thing trunk-slaps you!
* * * LOW HITPOINT WARNING * * *
You are engulfed in flames!
You die...

##.###......# #.#
..## ##..#..##
##.# . (#.###
....#.###.##
....#u.##....u...#
...#...........#.#
.########.###.##.#
## #5# #. #u# #
#.# # #u# #
######.# #@# #
#......# #.#
####.###### ...
.....# ##...
####.# ####. # #.#
.# # #.# # # #.# #
#.#####


You could see 2 ugly things.

Vanquished Creatures
  A hill giant (D:11)
  A manticore (D:10)
  A centaur skeleton (D:10)
  A wyvern (D:11)
  Edmund (D:4)
  A water moccasin (D:8)
  A sky beast (D:10)
  An ogre (D:5)
  2 phantoms
  2 centaurs
  5 big kobolds
  A killer bee (D:10)
  3 wights (D:7)
  Dowan (D:4)
  A crimson imp (D:8)
  4 hounds
  A giant frog zombie (D:8)
  Crazy Yiuf (D:7)
  An orc priest (D:10)
  An orc wizard (D:5)
  2 worker ants
  An iguana (D:4)
  3 adders (D:2)
  2 shadow imps
  3 worms (D:2)
  An adder skeleton (D:6)
  An adder zombie (D:6)
  5 giant geckos
  12 orcs
  13 bats
  5 giant cockroaches
  14 hobgoblins
  20 kobolds
  A ball python (D:5)
  7 giant newts
  A giant spore (D:10)
  11 goblins
  An orc skeleton (D:7)
  14 rats
148 creatures vanquished.

Vanquished Creatures (collateral kills)
  A two-headed ogre (D:7)
  A hog (D:7)
  A hippogriff (D:10)
  A human (D:7)
  A hungry ghost (D:8)
  3 sky beasts
  2 orc warriors
  A phantom (D:7)
  2 ogres (D:4)
  4 ice beasts
  4 giant frogs
  Duvessa (D:4)
  4 big kobolds (D:10)
  A water moccasin skeleton (D:8)
  A scorpion (D:11)
  5 killer bees
  2 wights
  A hippogriff skeleton (D:8)
  3 crimson imps
  A jelly (D:7)
  A quasit (D:9)
  A two-headed ogre zombie (D:6)
  2 iguanas
  3 orc priests
  4 orc wizards
  3 worker ants
  3 sheep (D:7)
  Ijyb (D:7)
  A big kobold skeleton (D:6)
  An ogre zombie (D:7)
  2 worker ant zombies
  4 adders
  An orc zombie (D:5)
  A shadow imp (D:8)
  2 giant mites
  A worm (D:3)
  An ooze (D:4)
  13 orcs
  A bat zombie (D:7)
  A goblin (D:3)
  2 hobgoblins
  2 jackals (D:6)
  4 kobolds
  An orc skeleton (D:7)
  A rat (D:9)
97 creatures vanquished.

Vanquished Creatures (others)
  61 crimson imps
  9 iron imps
  A mummy (D:9)
  19 shadow imps
  37 white imps
  4 orcs
  4 toadstools (D:1)
135 creatures vanquished.

Grand Total: 380 creatures vanquished

Notes
Turn   | Place    | Note
--------------------------------------------------------------
     0 | D:1      | AvylaarBelgium, the Deep Elf Wizard, began the quest for the Orb.
     0 | D:1      | Reached XP level 1. HP: 10/10 MP: 6/6
   281 | D:1      | Reached XP level 2. HP: 9/15 MP: 0/10
   300 | D:1      | Reached skill level 5 in Spellcasting
  1188 | D:2      | Reached XP level 3. HP: 19/19 MP: 7/14
  1227 | D:2      | Learned a level 2 spell: Repel Missiles
  1230 | D:2      | Learned a level 2 spell: Blink
  1533 | D:2      | Found a shimmering altar of Xom.
  1761 | D:2      | Reached XP level 4. HP: 24/24 MP: 15/17
  1943 | D:3      | Reached skill level 6 in Spellcasting
  2041 | D:3      | Noticed a giant frog
  2069 | D:2      | Learned a level 2 spell: Call Imp
  2073 | D:2      | Learned a level 3 spell: Mephitic Cloud
  2206 | D:3      | Found a radiant altar of Vehumet.
  2215 | D:3      | Became a worshipper of Vehumet
  2635 | D:4      | Found Ghypurim's Food Shoppe.
  2704 | D:4      | Reached XP level 5. HP: 25/28 MP: 12/21
  2737 | D:4      | Noticed an ogre
  2740 | D:4      | Noticed an ogre
  2799 | D:4      | Killed an ogre
  2814 | D:4      | Reached skill level 7 in Spellcasting
  2870 | D:4      | Noticed Duvessa
  2870 | D:4      | Noticed Dowan
  2879 | D:4      | Killed Duvessa
  2896 | D:4      | Killed Dowan
  2896 | D:4      | Reached XP level 6. HP: 22/32 MP: 1/23
  2986 | D:4      | Found a blossoming altar of Fedhas.
  2999 | D:4      | Noticed Eustachio
  3082 | D:4      | Found an opulent altar of Gozag.
  3133 | D:4      | Found a stormy altar of Qazlal.
  3145 | D:4      | Noticed Edmund
  3160 | D:4      | Killed Edmund
  3160 | D:4      | Reached skill level 5 in Conjurations
  3160 | D:4      | Killed an ogre
  3270 | D:4      | Noticed a phantom
  3295 | D:4      | Killed a phantom
  3295 | D:4      | Reached skill level 8 in Spellcasting
  3328 | D:4      | Noticed onwiheg's ghost (average CeBe)
  3495 | D:5      | Entered Level 5 of the Dungeon
  3506 | D:5      | Reached XP level 7. HP: 30/36 MP: 17/26
  4144 | D:5      | Reached skill level 9 in Spellcasting
  4660 | D:6      | Found a staircase to the Ecumenical Temple.
  4829 | Temple   | Entered the Ecumenical Temple
  4953 | D:6      | Got a fine helmet
  4957 | D:6      | Identified the +2 helmet of Dishonour {Dex+3} (You found it on level 6 of the Dungeon)
  5286 | D:6      | Reached XP level 8. HP: 10/41 MP: 13/28
  5443 | D:7      | Found a sparkling altar of Nemelex Xobeh.
  5561 | D:7      | Noticed Ijyb
  5568 | D:7      | Killed Ijyb
  5698 | D:7      | Reached skill level 10 in Spellcasting
  5912 | D:7      | Acquired Vehumet's first power
  5912 | D:7      | Offered knowledge of Sting by Vehumet.
  5973 | D:7      | Noticed a two-headed ogre
  6479 | D:7      | Noticed Crazy Yiuf
  6500 | D:7      | Killed Crazy Yiuf
  6639 | D:7      | Killed a two-headed ogre
  6641 | D:7      | Reached XP level 9. HP: 45/45 MP: 20/30
  6760 | D:7      | Reached skill level 11 in Spellcasting
  6760 | D:7      | Reached skill level 5 in Summonings
  6835 | D:7      | Found a glowing silver altar of Zin.
  6836 | D:7      | Noticed an angel
  6870 | D:7      | Learned a level 1 spell: Sting
  6922 | D:8      | Noticed a centaur warrior
  6955 | D:8      | HP: 2/45 [centaur warrior/arrow (3)]
  6964 | D:8      | Found Ediad's Antique Weapon Shoppe.
  7770 | D:10     | Entered Level 10 of the Dungeon
  7888 | D:10     | Noticed a manticore
  8053 | D:10     | Reached skill level 12 in Spellcasting
  8165 | D:10     | Found a sparkling altar of Nemelex Xobeh.
  8499 | D:10     | Killed a manticore
  8527 | D:10     | Reached skill level 10 in Conjurations
  8544 | D:10     | HP: 2/45 [killer bee (9)]
  8922 | D:10     | Offered knowledge of Freeze by Vehumet.
  8926 | D:10     | Learned a level 1 spell: Freeze
  9177 | D:11     | Found an opulent altar of Gozag.
  9230 | D:11     | Noticed a hill giant
  9277 | D:11     | Reached skill level 1 in Ice Magic
  9296 | D:11     | Noticed a hill giant
  9342 | D:11     | Killed a hill giant
  9342 | D:11     | Reached XP level 10. HP: 44/50 MP: 7/33
  9759 | D:12     | Found an opulent altar of Gozag.
  9777 | D:13     | Noticed a manticore
  9855 | D:13     | Noticed a hill giant
  9891 | D:11     | Slain by a red ugly thing

Action                   |  1- 3 |  4- 6 |  7- 9 | 10-12 || total
-------------------------+-------+-------+-------+-------++-------
Melee: Unarmed           |     1 |       |       |       ||     1
       Flail             |       |       |    71 |       ||    71
Throw: Javelin           |    24 |    10 |       |       ||    34
 Cast: Magic Dart        |    82 |    96 |   238 |    15 ||   431
       Call Imp          |       |    39 |   243 |    22 ||   304
       Repel Missiles    |       |     1 |     1 |       ||     2
       Blink             |       |       |    14 |    20 ||    34
       Mephitic Cloud    |       |       |     7 |     2 ||     9
       Sting             |       |       |     2 |       ||     2
       Freeze            |       |       |       |     3 ||     3
Evoke: Wand              |       |       |     3 |     3 ||     6
       Deck              |       |       |     2 |       ||     2
  Use: Scroll            |     1 |     8 |    24 |     1 ||    34
       Potion            |     1 |     2 |     6 |     3 ||    12
 Stab: Sleeping          |       |       |     1 |       ||     1
       Distracted        |       |       |     2 |       ||     2
       Confused          |       |       |     1 |       ||     1
